 Dungeon Crawl Stone Soup version 0.31-a0-1178-gc5c9b8f871 (webtiles) character file.

Game seed: 4094944999939253557

2492 Inarius the Chopper (level 9, 0/69 HPs)
             Began as a Mummy Fighter on Dec 11, 2023.
             Was a Believer of Makhleb.
             Engulfed by a steam dragon's steam (4 damage)
             ... on level 7 of the Dungeon.
             The game lasted 00:09:01 (7337 turns).

Inarius the Chopper (Mummy Fighter)                 Turns: 7337, Time: 00:09:02

Health: 0/69       AC: 13    Str: 23    XL:     9   Next: 27%
Magic:  11/11      EV:  7    Int:  7    God:    Makhleb [**....]
Gold:   322        SH:  0    Dex: 12    Spells: 8/8 levels left

rFire   x . .        s - +5 battleaxe
rCold   + . .        (shield currently unavailable)
rNeg    + + +        j - +0 plate armour
rPois   ∞            i - +0 helmet
rElec   .            (no cloak)
rCorr   .            (no gloves)
SInv    .            (no boots)
Will    +....        (no amulet) Stlth
                     (no ring)
HPRegen 0.31/turn    (no ring)
MPRegen 0.12/turn

%: faith
@: about to teleport
A: cold resistance 1, negative energy resistance 3, torment resistance 2, heat
vulnerability 1, in touch with death 1, no potions, faith
a: Renounce Religion, Minor Destruction


You were on level 7 of the Dungeon.
You worshipped Makhleb.
Makhleb was pleased with you.
You visited 2 branches of the dungeon, and saw 8 of its levels.

You collected 322 gold pieces.

Inventory:

Hand Weapons
 a - a +0 war axe
 p - a +3 spear of venom
 s - a +5 battleaxe (weapon)
Armour
 b - a +0 scale mail
 c - a +0 buckler
 i - a +0 helmet (worn)
 j - a +0 plate armour (worn)
 o - the +1 ring mail "Gaudo" {Str-2 Int+3 Slay+5 Stlth+}
   (You found it on level 5 of the Dungeon)

   Str-2:     It affects your strength (-2).
   Int+3:     It affects your intelligence (+3).
   Slay+5:    It affects your accuracy & damage with ranged weapons and melee
   (+5).
   Stlth+:    It makes you more stealthy.
 q - a +0 kite shield
Jewellery
 g - a ring of flight
Wands
 l - a wand of roots (15)
 m - a wand of flame (10)
Scrolls
 d - a scroll of identify {unknown}
 e - a scroll of poison {unknown}
 f - 2 scrolls of noise {unknown}
 k - 2 scrolls of enchant armour {unknown}
 n - 2 scrolls of fog {unknown}
 r - a scroll of revelation {unknown}


   Skills:
 + Level 6.1 Fighting
 + Level 7.0 Axes
 + Level 0.4 Throwing
 + Level 5.2 Armour
 + Level 0.6 Dodging
 + Level 0.2 Stealth
 + Level 3.3 Shields
 * Level 3.4 Invocations
 + Level 1.2 Evocations


You had 8 spell levels left.
You didn't know any spells.
Your spell library contained the following spells:

 Spells                   Type           Power      Damage    Failure   Level
 Freeze                   Ice            0%         1d3       100%        1
 Shock                    Conj/Air       0%         1d3       100%        1
 Frozen Ramparts          Ice            0%         1d1       100%        3
 Hailstorm                Conj/Ice       0%         3d5       100%        3
 Swiftness                Air            0%         N/A       100%        3
 Airstrike                Air            0%         2d(0-16)  100%        4


Dungeon Overview and Level Annotations

Branches:
Dungeon (7/15)             Temple (1/1) D:5

Altars:
Cheibriados
Dithmenos
Fedhas
Gozag
Hepliaklqana
Makhleb
Qazlal
Ru
Trog
Uskayaw
Vehumet
Wu Jian
Xom

Shops:
D:2 !


Innate Abilities, Weirdness & Mutations

You are immune to poison.
Your flesh is cold resistant. (rC+)
You are immune to negative energy. (rN+++)
You are immune to unholy pain and torment.
You are vulnerable to heat. (rF-)
You are in touch with the powers of death.
You do not drink.
You have a special connection with the divine. (Faith)


Message History

The hornet struggles against the net.
The hornet struggles against the net. x2
A steam dragon comes into view.
The steam dragon hisses angrily.
The hornet struggles against the net.
The net rips apart, and the hornet comes free!
The hornet closely misses you. The hornet stings you.
You miss the hornet. The hornet stings you.
The hornet stings you but does no damage.
You miss the hornet. The hornet barely misses you. The hornet stings you.
You slash the hornet!
The hornet is heavily wounded.
The hornet stings you but does no damage. x2
You barely miss the hornet.
The hornet is heavily wounded.
The hornet stings you. x2
You slice the hornet!!
You kill the hornet!
Makhleb accepts your kill.
You feel better. The steam dragon breathes steam at you.
The ball of steam hits you!! The steam scalds you terribly!
Your Axes skill increases to level 7!
You closely miss the steam dragon.
You are engulfed in a cloud of scalding steam.
* * * LOW HITPOINT WARNING * * *
The steam dragon bites you but does no damage.
The steam dragon closely misses you.
Unknown command.
You barely miss the steam dragon.
You are engulfed in a cloud of scalding steam.
* * * LOW HITPOINT WARNING * * *
The steam dragon bites you!
* * * LOW HITPOINT WARNING * * *
The steam dragon claws you but does no damage.
Unknown command.
As you read the scroll of teleportation, it crumbles to dust.
You feel strangely unstable.
You are engulfed in a cloud of scalding steam.
You die...

.# #.# #. #.# #.#.#.#. #.#
#.#.#.#.#. #.# #.#.#.#.#. # #.#
#.#.#.#.#. #.. #.# #.#.#.#.#.
#....######§# #.#.#.#.#.
########....)D@.§.§###.#.#.#.#.
...........######§...#.#.......
...........# ####.#.#%#...#.#.
...........# #....#.#.#...#.#.
...........# #....#.#.#...#.#.
...........# #..<.#.......#.#.
...........# #............#.#^
.#######...####...#####......##
+...#.#.#.#..'.....# ##>..###


You could see a steam dragon.

Vanquished Creatures
  A hornet (D:7)
  3 yaks
  2 black bears
  An ice beast (D:5)
  2 phantoms
  A kobold brigand (D:4)
  A bullfrog (D:7)
  A gnoll sergeant (D:5)
  3 scorpions
  5 wights (D:6)
  A howler monkey (D:6)
  3 jellies
  2 orc priests (D:5)
  5 hounds
  6 iguanas
  3 orc wizards
  Robin (D:3)
  5 gnolls (D:5)
  8 adders
  A shadow imp (D:6)
  3 ufetubi
  A worm (D:2)
  A dart slug (D:1)
  15 orcs
  8 endoplasms
  3 giant cockroaches
  14 goblins
  11 hobgoblins
  4 jackals (D:4)
  8 kobolds
  A quokka (D:1)
  5 ball pythons
  3 bats
  4 frilled lizards
136 creatures vanquished.

Notes
Turn   | Place    | Note
-------+----------+-------------------------------------------
     0 | D:1      | Inarius the Mummy Fighter began the quest for the Orb.
     0 | D:1      | Reached XP level 1. HP: 18/18 MP: 1/1
   251 | D:1      | Reached XP level 2. HP: 24/24 MP: 2/2
  1076 | D:2      | Found Bual's Distillery.
  1298 | D:2      | Reached XP level 3. HP: 30/30 MP: 3/3
  1423 | D:2      | Reached skill level 2 in Axes
  2207 | D:3      | Reached XP level 4. HP: 32/37 MP: 4/4
  2301 | D:3      | Noticed Robin
  2318 | D:3      | Killed Robin
  2992 | D:4      | Reached skill level 3 in Axes
  2992 | D:4      | Reached XP level 5. HP: 19/42 MP: 5/5
  3429 | D:4      | Reached XP level 6. HP: 43/49 MP: 6/6
  4016 | D:4      | Reached skill level 4 in Axes
  4019 | D:5      | Entered Level 5 of the Dungeon
  4026 | D:5      | Identified the +1 ring mail "Gaudo" {Str-2 Int+3 Slay+5
                  | Stlth+}
  4213 | D:5      | Found a staircase to the Ecumenical Temple.
  4222 | Temple   | Entered the Ecumenical Temple
  4232 | Temple   | Became a worshipper of Makhleb the Destroyer
  4474 | D:6      | Noticed a yak
  4474 | D:6      | Noticed a yak
  4474 | D:6      | Noticed a yak
  4576 | D:6      | Reached XP level 7. HP: 49/55 MP: 7/7
  4592 | D:6      | Reached skill level 5 in Fighting
  4596 | D:6      | HP: 2/56 [wight/+5 battleaxe (2)]
  4848 | D:5      | Reached skill level 5 in Axes
  5095 | D:5      | Reached XP level 8. HP: 56/62 MP: 8/8
  5218 | D:5      | Reached skill level 1 in Invocations
  5424 | D:5      | Reached * piety under Makhleb
  5441 | D:5      | Reached skill level 1 in Evocations
  6305 | D:6      | Reached skill level 6 in Axes
  6698 | D:6      | Reached skill level 5 in Armour
  6698 | D:6      | Reached XP level 9. HP: 31/69 MP: 11/11
  6704 | D:6      | Reached ** piety under Makhleb
  7335 | D:7      | Reached skill level 7 in Axes
  7337 | D:7      | Engulfed by a steam dragon's steam

Illustrated notes

Levels and vault maps discovered:
D:1:      minmay_arrival_cross, layout_loops_corners
D:2:      layout_basic, serial_shops, shop
D:3:      layout_loops_ring, nrook_campfire, uniq_robin
D:4:      layout_basic
D:5:      layout_basic, tso_oasis_becter, minmay_temple_entry_poolview
D:6:      minmay_inner_zag, layout_basic
D:7:      layout_basic, kennysheep_vampire_church, st_stairs_8,
          minmay_misc_feat_ornament, serial_park_tiny_1, lemuel_flame_loot_1
Temple:   regret_index_temple_generic_petals

Skill      XL: |  1  2  3  4  5  6  7  8  9 |
---------------+----------------------------+-----
Axes           | 2 3 4 5 6 7 |  7.0
Armour         | 3 4 5 |  5.2
Fighting       | 4 5 6 |  6.1
Shields        | 3 |  3.3
Invocations    | 3 |  3.4
Evocations     | 1 |  1.2
Throwing       | |  0.4
Dodging        | |  0.6
Stealth        | |  0.2

Action                     |  1- 3 |  4- 6 |  7- 9 || total
---------------------------+-------+-------+-------++-------
  Melee: War axe           |   103 |   162 |   158 ||   423
         Battleaxe         |       |       |    86 ||    86
         Spear             |       |       |    16 ||    16
  Throw: Boomerang         |       |       |     6 ||     6
         Throwing net      |       |       |     1 ||     1
  Evoke: Wand              |       |     8 |    10 ||    18
    Use: Scroll            |       |       |     3 ||     3
 Armour: Scale mail        |    59 |    17 |       ||    76
         Plate armour      |       |   130 |   265 ||   395
  Dodge: Dodged            |    42 |    46 |   100 ||   188
  Block: Buckler           |    21 |    34 |    30 ||    85
         Kite shield       |       |       |     3 ||     3

Table legend: (Time is in decaauts)
 A = Elapsed time spent in this place.
 B = Non-inter-level travel time spent in this place.
 C = Inter-level travel time spent in this place.
 D = Time resting spent in this place.
 E = Time spent auto-exploring this place.
 F = Levels seen in this place.
 G = Mean time per level.
                   A        B        C        D        E       F      G
               +--------+--------+--------+--------+--------+-----+--------+
         Total |   7517 |   7177 |    340 |   1067 |   4576 |   8 |  939.6 |
       Dungeon |   7497 |   7173 |    324 |   1067 |   4576 |   7 | 1071.0 |
        Temple |     19 |      3 |     16 |      0 |      0 |   1 |   19.0 |
               +--------+--------+--------+--------+--------+-----+--------+

Top non-repeatable levels by time:
     D:6: 1603 daAuts
     D:5: 1538 daAuts
     D:2: 1195 daAuts
     D:4: 1094 daAuts
     D:1: 918 daAuts
     D:3: 907 daAuts
     D:7: 239 daAuts
  Temple: 19 daAuts
